 Dungeon Crawl Stone Soup version 0.31-a0-977-gc230f8ef24 (webtiles) character file.

Game seed: 9705425212619599593

427 Dordric the Changeling (level 6, 0/54 HPs)
             Began as a Troll Shapeshifter on Oct 30, 2023.
             Was an Initiate of Trog.
             Succumbed to a gnoll's poison
             ... on level 4 of the Dungeon.
             The game lasted 00:03:08 (2211 turns).

Dordric the Changeling (Troll Shapeshifter)         Turns: 2211, Time: 00:03:09

Health: 0/54       AC:  4    Str: 29    XL:     6   Next: 65%
Magic:  5/5        EV:  9    Int:  6    God:    Trog [......]
Gold:   195        SH:  5    Dex: 11    Spells: 5/5 levels left

rFire   . .          .
                       - Unarmed
rCold   . . .        (no shield)
rNeg    . . .        a - +0 animal skin
rPois   .            (helmet currently unavailable)
rElec   .            (cloak currently unavailable)
rCorr   .            (gloves unavailable)
SInv    .            (boots unavailable)
Will    .....        e - amulet of reflection
Stlth   +            q - +6 ring of strength
HPRegen 1.09/turn    (no ring)
MPRegen 0.09/turn

%: reflection
@: lethally poisoned (0 -> -6), beast-form
A: beast (slay +4), large, unfitting armour, claws 3, regeneration 1, shaggy fur
1, tough skin 1
a: Begin Untransformation, Renounce Religion


You were on level 4 of the Dungeon.
You worshipped Trog.
Trog was noncommittal.
You were a hulking beast.
You visited 2 branches of the dungeon, and saw 5 of its levels.

You collected 195 gold pieces.

Inventory:

Armour
 a - a +0 animal skin (worn)
Jewellery
 e - an amulet of reflection (around neck)
 h - a ring of fire
 q - a +6 ring of strength (left claw)
Talismans
 c - a beast talisman
 d - a flux talisman
 t - a maw talisman
Scrolls
 g - a scroll of revelation {unknown}
 l - 7 scrolls of identify {unknown}
 m - a scroll of vulnerability {unknown}
 p - a scroll of brand weapon {unknown}
 s - a scroll of teleportation {unknown}
Potions
 b - 2 potions of lignification
 f - a potion of berserk rage {unknown}
 i - a potion of might {unknown}
 j - a potion of mutation {unknown}
 k - a potion of attraction {unknown}
 n - a potion of invisibility {unknown}
 o - a potion of ambrosia {unknown}
 r - 2 potions of curing {unknown}


   Skills:
 - Level 0.7 Fighting
 - Level 1.5 Dodging
 - Level 3.0 Unarmed Combat
 + Level 7.1 Shapeshifting


You had 5 spell levels left.
You didn't know any spells.
Your spell library contained the following spells:

 Spells                   Type           Power      Damage    Failure   Level
 Vhi's Electric Charge    Tloc/Air       0%         N/A       99%         4
 Arcjolt                  Conj/Air       0%         1d10      100%        5
 Maxwell's Capacitive Co  Air            0%         ∞         100%        8


Dungeon Overview and Level Annotations

Branches:
Dungeon (4/15)             Temple (1/1) D:4

Altars:
Ashenzari
Cheibriados
Dithmenos
Elyvilon
Gozag
Hepliaklqana
Nemelex Xobeh
Sif Muna
Trog
Uskayaw
Vehumet
Xom
Zin
The Shining One

Shops:
D:4 =


Innate Abilities, Weirdness & Mutations

You are a hulking beast.
Your limbs bulge with bestial killing power. (Slay +4)
You are too large for most types of armour.
You have claws for hands.
Your natural rate of healing is unusually fast.
You are covered in fur. (AC +1)
You have tough skin. (AC +1)


Message History

You see here a +0 whip.
You feel sick.
You feel sick.
You feel sick.
The gnoll hits you from afar with a +1 spear of venom.
You are more poisoned.
You feel very sick.
You feel sick.
You feel sick.
You feel sick.
You feel sick. The gnoll attacks as it pursues you!
The gnoll barely misses you.
You feel sick.
Your attacks no longer feel as feeble.
You feel sick.
The gnoll is no longer moving quickly.
You feel sick. The gnoll attacks as it pursues you!
The gnoll hits you from afar with a +1 spear of venom.
You are more poisoned.
You feel sick.
You feel sick.
You feel sick.
You feel sick.
You feel sick. The gnoll attacks as it pursues you!
The gnoll hits you from afar with a +1 spear of venom!
You are more poisoned.
You feel very sick.
The gnoll throws a throwing net.
You block the throwing net with an invisible shield... and reflect it back!
The throwing net hits the gnoll.
The gnoll is caught in the net!
The gnoll struggles against the net.
You feel very sick.
The gnoll struggles against the net.
You feel very sick.
You feel sick.
The gnoll hits you from afar with a +1 spear of venom.
* * * LOW HITPOINT WARNING * * *
You are lethally poisoned!
* * * LOW HITPOINT WARNING * * *
You feel very sick.
You die...

.###g###+###.#...................
.......+_+.....#).#######....†...
##...#######.##).##### ##.....#.
#...# ### #.........######...##.
#...#######...............#####.
#...g.........#...#...#...# #.
#.......#.#.#.#...#.⌠.#...# #.
#######g......#.###...###.## #.
#.#.##g..h)..........####<
###.#.##.##..⌠..>..⌠.....##.
#...#.##.##...........##.##.
.#####.###.##....###...###.##..#.
.......# #.##.##...#.⌠.#...###...
.##.######.##.##...#...#....>..##
......[..#.#..#................##
##.#####.......................[#
....# #.........##.........#


You could see a gnoll.

Vanquished Creatures
  A hound (D:4)
  A gnoll bouda (D:4)
  2 orc priests (D:3)
  Natasha (thrice) (D:2)
  An orc wizard (D:3)
  Terence (D:3)
  6 gnolls
  5 adders
  3 dart slugs
  2 orcs (D:3)
  10 bats
  7 endoplasms
  3 giant cockroaches
  3 hobgoblins
  11 jackals
  3 quokkas
  9 ball pythons
  2 frilled lizards
  6 goblins
  4 kobolds
  3 rats
86 creatures vanquished.

Vanquished Creatures (others)
  A kobold (D:3)
1 creature vanquished.

Grand Total: 87 creatures vanquished

Notes
Turn   | Place    | Note
-------+----------+-------------------------------------------
     0 | D:1      | Dordric the Troll Shapeshifter began the quest for the Orb.
     0 | D:1      | Reached XP level 1. HP: 18/18 MP: 0/0
    83 | D:1      | Reached XP level 2. HP: 25/26 MP: 1/1
   302 | D:1      | Reached skill level 4 in Shapeshifting
   468 | D:1      | Reached XP level 3. HP: 32/32 MP: 2/2
   632 | D:2      | Noticed Natasha
   637 | D:2      | Killed Natasha
   638 | D:2      | Reached XP level 4. HP: 40/40 MP: 3/3
   656 | D:2      | Noticed Natasha
   664 | D:2      | Killed Natasha
   665 | D:2      | Reached skill level 5 in Shapeshifting
   666 | D:2      | Found a broken altar of Ashenzari.
   900 | D:2      | Noticed Natasha
   903 | D:2      | Killed Natasha
   904 | D:2      | Reached XP level 5. HP: 42/46 MP: 4/4
  1274 | D:3      | Identified the +6 chain mail of Fakkent {Str+3 Int-3 SInv}
  1300 | D:3      | Noticed Terence
  1304 | D:3      | Killed Terence
  1305 | D:3      | Reached skill level 6 in Shapeshifting
  1506 | D:3      | Reached XP level 6. HP: 48/54 MP: 5/5
  1863 | D:4      | Found a hide-covered altar of Uskayaw.
  1868 | D:4      | Found a staircase to the Ecumenical Temple.
  1882 | Temple   | Entered the Ecumenical Temple
  1937 | Temple   | Became a worshipper of Trog the Wrathful
  1977 | D:4      | Found Peun's Jewellery Boutique.
  2187 | D:4      | Reached skill level 7 in Shapeshifting
  2210 | D:4      | HP: 2/54 [poisoned by a gnoll]
  2211 | D:4      | Succumbed to a gnoll's poison

Illustrated notes

Levels and vault maps discovered:
D:1:      dpeg_arrival_simpleton_c, layout_basic, chequers_serial_rivers_micro_b
D:2:      layout_basic, basic_altar, minmay_pentomino_z4, uniq_natasha
D:3:      cheibrodos_pilgrimage, layout_basic, serial_bayou_crossing,
          uniq_terence
D:4:      layout_rooms, lemuel_doored_altar, minmay_temple_entry_junction_2,
          serial_shops, shop, kennysheep_generic_room_9
Temple:   compressed_dpeg_triangle_lava_temple

Skill      XL: |  1  2  3  4  5  6 |
---------------+-------------------+-----
Shapeshifting  | 4 5 6 7 |  7.1
Fighting       | |  0.7
Dodging        | |  1.5
Unarmed Combat | |  3.0

Action                     |  1- 3 |  4- 6 || total
---------------------------+-------+-------++-------
  Melee: Unarmed           |    62 |   113 ||   175
         Punch             |     1 |       ||     1
   Stab: Sleeping          |     1 |     1 ||     2
 Armour: Animal skin       |    49 |    66 ||   115
  Dodge: Dodged            |    30 |    36 ||    66
  Block: Other             |     9 |    22 ||    31
         Reflection        |       |     3 ||     3

Table legend: (Time is in decaauts)
 A = Elapsed time spent in this place.
 B = Non-inter-level travel time spent in this place.
 C = Inter-level travel time spent in this place.
 D = Time resting spent in this place.
 E = Time spent auto-exploring this place.
 F = Levels seen in this place.
 G = Mean time per level.
                   A        B        C        D        E       F      G
               +--------+--------+--------+--------+--------+-----+--------+
         Total |   2200 |   2077 |    123 |      0 |   1517 |   5 |  440.0 |
       Dungeon |   2128 |   2005 |    123 |      0 |   1517 |   4 |  532.0 |
        Temple |     71 |     71 |      0 |      0 |      0 |   1 |   71.0 |
               +--------+--------+--------+--------+--------+-----+--------+

Top non-repeatable levels by time:
     D:3: 612 daAuts
     D:2: 603 daAuts
     D:1: 588 daAuts
     D:4: 323 daAuts
  Temple: 71 daAuts
